 Dungeon Crawl Stone Soup version 0.27.0-1-g7a089689b8 (webtiles) character file.

Game seed: 8435601922733800565

2785 robertstho the Covert (level 9, -2/91 (94) HPs)
             Began as an Octopode Berserker on Aug 5, 2021.
             Was an Elder of Trog.
             Slain by a wight (13 damage)
             ... on level 9 of the Dungeon.
             The game lasted 00:09:16 (7474 turns).

robertstho the Covert (Octopode Berserker)          Turns: 7474, Time: 00:09:19

HP:   -2/91 (94)    AC:  5    Str: 20    XL:     9   Next: 70%
MP:   9/9           EV: 15    Int:  9    God:    Trog [****..]
Gold: 368           SH:  0    Dex: 15    Spells: 8/8 levels left

rFire    . . .     SeeInvis +   t - +0 short sword (venom)
rCold    . . .     Faith    .   (no shield)
rNeg     . . .     Spirit   .   (helmet restricted)
rPois    .         Reflect  .   (no amulet)
rElec    .         Harm     .   d - +4 ring of protection
rCorr    .         Rampage  .   p - ring "Otumizu" {Dex+4 SInv}
Will     .....                  (no ring)
Stlth    ..........             (no ring)
HPRegen  0.25/turn              (no ring)
MPRegen  0.11/turn              (no ring)
                                (no ring)
                                (no ring)

@: berserking, lightly drained, very quick
A: almost no armour, amphibious, 8 rings, camouflage 1, gelatinous body 1,
(nimble swimmer 1), tentacles
a: Renounce Religion, Berserk, Trog's Hand, Brothers in Arms


You were on level 9 of the Dungeon.
You worshipped Trog.
Trog was greatly pleased with you.
You visited 1 branch of the dungeon, and saw 8 of its levels.

You collected 450 gold pieces.
You spent 82 gold pieces at shops.

Inventory:

Hand Weapons
 a - a +1 short sword
 t - a +0 short sword of venom (weapon)
Missiles
 n - 3 throwing nets (quivered)
Jewellery
 d - a +4 ring of protection (left tentacle)
 p - the ring "Otumizu" (right tentacle) {Dex+4 SInv}
   (You found it on level 6 of the Dungeon)

   [ring of see invisible]

   Dex:       It affects your dexterity (+4).
   SInv:      It lets you see invisible.
Wands
 b - a wand of flame (16)
 o - a wand of paralysis (24)
 q - a wand of mindburst (10)
 w - a wand of polymorph (21)
Scrolls
 c - 3 scrolls of teleportation
 i - a scroll of enchant armour {unknown}
 j - 2 scrolls of blinking
 l - a scroll of holy word
 m - a scroll of silence
Potions
 e - 4 potions of curing
 g - 2 potions of degeneration {unknown}
 h - a potion of haste {unknown}
 k - 2 potions of might {unknown}
 r - a potion of brilliance {unknown}
 s - a potion of flight {unknown}
 u - a potion of invisibility {unknown}
 v - a potion of heal wounds {unknown}


   Skills:
 * Level 6.8 Fighting
 + Level 7.4 Short Blades
 + Level 5.0 Dodging
 * Level 11.6 Stealth


You had 8 spell levels left.
You didn't know any spells.
Your spell library was empty.

Dungeon Overview and Level Annotations

Branches:
Dungeon (9/15)             Temple (0/1) D:7
   Lair: D:8-11         Orc: D:9-12

Altars:
Okawaru
Beogh

Shops:
D:1 ?   D:3 *

Annotations:
D:4 Blork the orc


Innate Abilities, Weirdness & Mutations

You cannot wear most types of armour.
You are amphibious.
You can wear up to eight rings at the same time.
Your skin changes colour to match your surroundings (Stealth+).
Your rubbery body absorbs attacks. (AC +1, EV +1)
((You are camouflaged near water. (Stealth+)))
You have tentacles for arms and can constrict up to eight enemies at once.


Message History

You are too injured to fight recklessly!
You are too injured to fight recklessly!
A red film seems to cover your vision as you go berserk!
You feel yourself moving faster!
You feel mighty! The wight misses you. The wight barely misses you.
You hit the wight. You grab the wight.
The wight is moderately damaged.
You constrict the wight. The wight barely misses you. x2
You closely miss the wight. You grab the wight. You squeeze the wight.
The wight is moderately damaged.
You constrict the wight, but do no damage. x2
You hit the wight. You squeeze the wight!
The wight is almost destroyed.
You constrict the wight.
You feel the power of Trog in you as your rage grows.
You destroy the wight!
Trog accepts your kill.
You constrict the wight. The wight closely misses you.
Your life force feels restored.
Your Dodging skill increases to level 5!
You hit the wight.
The wight is heavily damaged.
You constrict the wight, but do no damage.
You barely miss the wight.
The wight is heavily damaged.
You constrict the wight. The wight closely misses you.
You hit the wight. You grab the wight.
The wight is lightly damaged.
You constrict the wight. x2; The wight hits you with a +0 battleaxe!
* * * LOW HITPOINT WARNING * * *
You feel drained.
* * * LOW HITPOINT WARNING * * *
You puncture the wight! Your squeeze misses the wight.
The wight is almost destroyed.
You constrict the wight. x2
You feel the power of Trog in you as your rage grows.
You destroy the wight!
Trog accepts your kill. The wight hits you with a +3 halberd!
You die...

#.# #.# #.# #.#######
#############.......#
#.............#####..
#....########.### #.#
##...............# #.#
#....@..####<...)###.#
#....z))..#
#.....<....
#..[......#
#......##.#
#.........#
#......##.#
#........##
#.####.##.# #........#
#.# #.##.# #..#...#.#
#.# #.##.# #........#
#.# #.##.# #.##..


You could see a wight.

Vanquished Creatures
  A hornet (D:8)
  Sigmund (D:2)
  5 orc warriors
  2 sky beasts
  A hornet zombie (D:7)
  3 centaurs
  A wyvern skeleton (D:6)
  4 killer bees (D:8)
  6 wights
  A bullfrog zombie (D:6)
  3 centaur zombies
  2 hounds
  2 jellies
  A bullfrog skeleton (D:6)
  5 orc priests
  2 gnoll shamans
  Jessica (D:2)
  8 orc wizards
  Terence (D:2)
  Robin (D:2)
  10 gnolls
  2 adders
  2 white imps (D:7)
  An adder skeleton (D:4)
  2 worms (D:2)
  3 dart slugs
  35 orcs
  6 endoplasms
  4 giant cockroaches
  13 goblins
  6 hobgoblins
  5 kobolds
  2 quokkas
  4 ball pythons
  4 bats
  7 frilled lizards
  5 rats
162 creatures vanquished.

Notes
Turn   | Place    | Note
-------+----------+-------------------------------------------
     0 | D:1      | robertstho the Octopode Berserker began the quest for the
                  | Orb.
     0 | D:1      | Reached XP level 1. HP: 16/16 MP: 1/1
   345 | D:1      | Reached XP level 2. HP: 21/21 MP: 2/2
   347 | D:1      | Found a faded altar of an unknown god.
   371 | D:1      | Found Nerghopp's Magic Scroll Shop.
   447 | D:1      | Bought a scroll of identify for 26 gold pieces
   939 | D:2      | Reached skill level 1 in Stealth
  1000 | D:2      | Reached XP level 3. HP: 26/26 MP: 3/3
  1006 | D:2      | Reached skill level 2 in Stealth
  1119 | D:2      | Noticed Robin
  1447 | D:2      | Reached XP level 4. HP: 33/33 MP: 4/4
  1501 | D:2      | Killed Robin
  1502 | D:2      | Reached ** piety under Trog
  1869 | D:2      | Noticed Terence
  1873 | D:2      | Killed Terence
  1874 | D:2      | Reached skill level 3 in Stealth
  2016 | D:2      | Noticed Jessica
  2019 | D:2      | Found an iron altar of Okawaru.
  2028 | D:2      | Killed Jessica
  2029 | D:2      | Reached XP level 5. HP: 37/37 MP: 5/5
  2093 | D:2      | Noticed Sigmund
  2102 | D:2      | Killed Sigmund
  2103 | D:2      | Reached skill level 5 in Stealth
  2103 | D:2      | Reached XP level 6. HP: 43/44 MP: 6/6
  2739 | D:3      | Found Reolif's General Store.
  2758 | D:3      | Bought a scroll of noise for 14 gold pieces
  2758 | D:3      | Bought a scroll of teleportation for 42 gold pieces
  3083 | D:4      | Noticed a sky beast
  3095 | D:4      | Killed a sky beast
  3242 | D:4      | Reached XP level 7. HP: 48/49 MP: 7/7
  3256 | D:4      | Reached *** piety under Trog
  3347 | D:4      | Reached skill level 6 in Stealth
  3612 | D:4      | Reached skill level 5 in Short Blades
  3612 | D:4      | Reached skill level 7 in Stealth
  3648 | D:4      | Noticed Blork the orc
  3648 | D:4      | You fall into a shaft and drop 2 floors!
  3678 | D:6      | Reached skill level 8 in Stealth
  3957 | D:6      | Reached skill level 5 in Fighting
  3957 | D:6      | Reached XP level 8. HP: 29/55 MP: 8/8
  4244 | D:6      | Identified the ring "Otumizu" {Dex+4 SInv}
  4784 | D:6      | Reached skill level 9 in Stealth
  4865 | D:7      | Found a runed translucent door.
  5412 | D:7      | Found a staircase to the Ecumenical Temple.
  5955 | D:7      | Reached **** piety under Trog
  6000 | D:7      | Reached skill level 10 in Stealth
  6155 | D:7      | Reached XP level 9. HP: 36/62 MP: 9/9
  6706 | D:8      | Noticed a hornet
  6708 | D:8      | Killed a hornet
  6847 | D:8      | Reached skill level 11 in Stealth
  7471 | D:9      | Reached skill level 5 in Dodging
  7474 | D:9      | Slain by a wight

Illustrated notes

Levels and vault maps discovered:
D:1:      dpeg_arrival_signposts, layout_basic,
          hellmonk_ecumenical_altar_inner_sanctum, serial_shops, shop_statue
D:2:      layout_basic, basic_altar, uniq_terence, uniq_sigmund, uniq_jessica,
          uniq_robin
D:3:      layout_basic, serial_shops, nicolae_shop_waterfront
D:4:      layout_rooms, dk_rats_in_the_wall, uniq_blork_the_orc
D:6:      layout_loops_cross
D:7:      layout_basic, temple_green, lightli_church_of_beogh
D:8:      layout_basic, grunt_ministairs_8
D:9:      layout_loops_ring, jmf_multi_god_temple2, erik_lair_orcish_takeover,
          ebering_ghost_gozag, uniq_harold, uniq_erolcha, uniq_maurice

Skill      XL: |  1  2  3  4  5  6  7  8  9 |
---------------+----------------------------+-----
Stealth        | 1 2 3 5 8 10 11 | 11.6
Fighting       | 4 5 6 |  6.8
Short Blades   | 4 5 6 7 |  7.4
Dodging        | 4 5 |  5.0

Action                   |  1- 3 |  4- 6 |  7- 9 || total
-------------------------+-------+-------+-------++-------
Melee: Short sword       |    52 |    83 |   226 ||   361
       Tentacles         |     7 |    15 |    60 ||    82
       Constrict         |    10 |    17 |    52 ||    79
Invok: Berserk           |       |     3 |     9 ||    12
       Trog's Hand       |       |       |     2 ||     2
  Use: Scroll            |     2 |       |     2 ||     4
       Potion            |       |       |     2 ||     2
 Stab: Sleeping          |    10 |    10 |    17 ||    37
       Distracted        |       |     1 |     1 ||     2
Armor: Skin              |     4 |    11 |    35 ||    50
Dodge: Dodged            |    21 |    48 |   129 ||   198
